[Event "Early-Titled-Tuesday-Blitz-October-24-2023"]
[Site "Chess.com"]
[Date "2023.10.24"]
[Round "10"]
[White "mbachez"]
[Black "Kildepiotr"]
[Result "1-0"]
[WhiteElo "2524"]
[BlackElo "2646"]
[TimeControl "180+1"]
[EndTime "9:53:18 PDT"]
[Termination "mbachez won by resignation"]

1. e4 g6 2. d4 Bg7 3. Nf3 c6 4. Nc3 d6 5. h3 Nf6 6. a4 O-O 7.
Be2 Nbd7 8. O-O e5 9. Re1 Re8 10.
dxe5 dxe5 11. Bc4 h6 12. a5 Qc7 13. Be3 Nf8 14. Qc1 Kh7 15. Bc5 Be6 16. Bf1 N8d7 17. Be3 b5 18. Bd3 a6 19. Ne2 c5 20. Ng3 c4 21. Bf1 Nc5 22. Bd2 Rad8 23. Bc3 Nfd7 24. Nh4 Nb8 25. Nhf5 gxf5 26. exf5 Bd5 27. Nh5 f6 28.
Qe3 Bf7 29. Nxg7 Kxg7 30. Qg3+ Kh7 31. Qh4 Nbd7 32. Bd2 h5 33. Be2 Kg7 34. Bxh5 Bxh5 35. Qxh5 Rh8 36. Qg6+ Kf8 37. Rad1 Qc6 38. Bh6+ Rxh6 39. Qxh6+ Kf7 40. Qg6+ Kf8 41. Qh6+ Kf7 42. Qh7+ Ke8 43. Qg8+ Ke7 44. Qg7+ Ke8 45. Re3 Ne4 46. Qg8+ Ke7 47. Qg7+ Ke8 48. Qh8+ Ke7 49. Qh7+ Ke8 50. h4 Nd6 51. Rg3 Nf8 52. Rg8 Rd7 53. Qg6+ Rf7 54. h5 Nc8 55. h6 Ne7 56. Rxf8+ Kxf8 57. Rd8+ 1-0

[Event "Early-Titled-Tuesday-Blitz-October-24-2023"]
[Site "Chess.com"]
[Date "2023.10.24"]
[Round "10"]
[White "chess123456s"]
[Black "vasblesk"]
[Result "0-1"]
[WhiteElo "2544"]
[BlackElo "2747"]
[TimeControl "180+1"]
[EndTime "9:53:18 PDT"]
[Termination "vasblesk won by resignation"]

1. e4 c5 2. Nf3 g6 3. d4 cxd4 4. Nxd4 Nf6 5. Nc3 Bg7 6. Be3 Nc6 7. Nxc6 bxc6 8. e5 Ng8 9. f4 Nh6 10. Bc4 O-O 11. O-O d5 12. exd6 exd6 13. Bb3 d5 14. Bd4 Bxd4+ 15. Qxd4 Nf5 16. Qc5 Qb6 17. Na4 Qa6 18.
Rfe1 Be6 19. Re5 Rab8 20. Rae1 Ng7 21. Qe7 Rfe8 22. Qf6 Qa5 23. Kh1 Bd7 24. c3 Qb5 25. h3 Rxe5 26. Rxe5 Qf1+ 27. Kh2 Ne6 28. f5 Qf4+ 29.
Kg1 Qc1+ 30. Kh2 Qf4+ 31. Kg1 c5 32. Rxd5 Bc6 33. Rd1 Qg3 34. Bd5 Qe3+ 35. Kh1 Bxd5 36. Rxd5 Qc1+ 37. Kh2 Qf4+ 38. Kg1 Qe3+ 39. Kf1 Nf4 40.
Rd8+ Rxd8 41. Qxd8+ Kg7 42. f6+ Kh6 43. Qd1 Nd3 44. Qe2 Qc1+ 0-1

[Event "Early-Titled-Tuesday-Blitz-October-24-2023"]
[Site "Chess.com"]
[Date "2023.10.24"]
[Round "10"]
[White "OhanyanEminChess"]
[Black "Zhigalko_Sergei"]
[Result "0-1"]
[WhiteElo "2847"]
[BlackElo "2965"]
[TimeControl "180+1"]
[EndTime "9:53:19 PDT"]
[Termination "Zhigalko_Sergei won by resignation"]

1. d4 Nf6 2. c4 e6 3. Nf3 b6 4. g3 Ba6 5. b3 Bb4+ 6. Bd2 Be7 7.
Nc3 O-O 8. Bg2 c6 9. e4 d5 10.
exd5 cxd5 11. Ne5 Bb7 12. O-O Nc6 13. Bf4 Rc8 14. Rc1 a6 15. cxd5 exd5 16. Bh3 Ra8 17. Re1 h6 18. Qd3 Ba3 19. Rcd1 Bb4 20. Re2 Ne7 21. Rc2 b5 22. Ne2 Bc8 23. g4 Be6 24. g5 hxg5 25. Bxg5 Ne4 26. Nc6 Qd7 27. Ne5 Qb7 28.
Bc1 Rac8 29. Bg2 Rxc2 30. Qxc2 Rc8 31. Qd3 Nf5 32. Nf4 Rc3 33. Qe2 Qc7 34. Be3 Nxe3 35. fxe3 Rc2 36. Qh5 Bd2 37. Qf3 Rc3 38. Nxe6 fxe6 39.
Qf2 Nxf2 40. Rxd2 Ne4 41. Rd1 Rc1 0-1

[Event "Early-Titled-Tuesday-Blitz-October-24-2023"]
[Site "Chess.com"]
[Date "2023.10.24"]
[Round "10"]
[White "RETURNOFTHELAGGER"]
[Black "K_A_S_T_O_R"]
[Result "1/2-1/2"]
[WhiteElo "2681"]
[BlackElo "2856"]
[TimeControl "180+1"]
[EndTime "9:53:19 PDT"]
[Termination "Game drawn by repetition"]

1. e4 c5 2. Nf3 d6 3. d4 cxd4 4. Nxd4 Nf6 5. Nc3 a6 6. h3 e6 7. g4 h6 8. Bg2 Be7 9. Be3 Nc6 10. f4 Nd7 11. Qd2 Nxd4 12. Bxd4 e5 13. Be3 Bh4+ 14. Bf2 exf4 15. Qxd6 Bxf2+ 16. Kxf2 Qb6+ 17. Qxb6 Nxb6 18. b3 g5 19. a4 Be6 20. Nd5 Bxd5 21. exd5 Rc8 22.
c4 a5 23. Rhe1+ Kd8 24. d6 Nd7 25. Bxb7 Rb8 26. Bc6 Rxb3 27. Re7 Nc5 28. Rae1 Nd3+ 29. Ke2 Nxe1 30. Kxe1 Rb6 31. Rd7+ Kc8 32. Rc7+ Kb8 33. c5 Rb1+ 34. Ke2 Rc8 35. Re7 Rxc6 36. Re8+ Kb7 37.
d7 f3+ 38. Kxf3 Rd1 39. d8=Q Rxd8 40. Rxd8 Rxc5 41. Rd7+ Rc7 42. Rd5 Kb6 43. Rb5+ Ka6 44. Rf5 Rc3+ 45. Kg2 Rc7 46. Kg3 Kb6 47. Rb5+ Ka6 48.
Rf5 Rb7 49. Rf6+ Ka7 50. Rxh6 Rb3+ 51. Kg2 Rb4 52. Rf6 Rxa4 53. Rxf7+ Kb6 54. Rf5 Ra2+ 55. Kg3 Ra3+ 56. Kg2 a4 57. Rxg5 Ra2+ 58. Kg3 Ra1 59. Rg8 Kb7 60. Rg5 Kb6 61. Rg8 Kb7 62. Rg5 Ka6 63.
Rg8 Ka7 64. Rg5 Kb6 1/2-1/2

[Event "Early-Titled-Tuesday-Blitz-October-24-2023"]
[Site "Chess.com"]
[Date "2023.10.24"]
[Round "10"]
[White "GM_DarwinLaylo"]
[Black "ama18"]
[Result "1-0"]
[WhiteElo "2645"]
[BlackElo "2521"]
[TimeControl "180+1"]
[EndTime "9:53:19 PDT"]
[Termination "GM_DarwinLaylo won on time"]

1. c4 Nf6 2. Nc3 e6 3. e4 d6 4. d4 g6 5. f4 Bg7 6. Nf3 Nbd7 7. e5 Ng8 8. b3 Ne7 9. Ba3 O-O 10. exd6 cxd6 11. Bxd6 Nf5 12. Bxf8 Qxf8 13. Qd2 Qb4 14. g4 Nd6 15. Bg2 h5 16. gxh5 Nf5 17. hxg6 fxg6 18. O-O Nf6 19. Ne5 Nh5 20. Rad1 Rb8 21. Ne4 Qb6 22.
c5 Qd8 23. Ng5 Bd7 24. d5 Bb5 25. Rf2 Qe7 26. Nxe6 Qh4 27. Nxg6 Qg4 28. Ne5 Bxe5 29. fxe5 Ne3 30. Re1 Nxd5 31. Qxd5 Bc6 32. Qd6 Re8 33. Nd4 Nf4 34. Nxc6 Nh3+ 35. Kf1 Nxf2 36. Kxf2 Rf8+ 37. Kg1 Qh4 38. Ne7+ Kh7 39. Qg6+ Kh8 40.
Rd1 Qf2+ 41. Kh1 Qh4 42. Nf5 1-0

[Event "Early-Titled-Tuesday-Blitz-October-24-2023"]
[Site "Chess.com"]
[Date "2023.10.24"]
[Round "10"]
[White "Mariia89"]
[Black "Kostya0705"]
[Result "1-0"]
[WhiteElo "2183"]
[BlackElo "2577"]
[TimeControl "180+1"]
[EndTime "9:53:19 PDT"]
[Termination "Mariia89 won by resignation"]

1. d4 Nf6 2. Nf3 d5 3. c4 e6 4.
Nc3 dxc4 5. e4 b5 6. e5 Nd5 7. Nxb5 Nb6 8. a4 a6 9. Nc3 a5 10. Bg5 Be7 11. Bxe7 Qxe7 12. Nd2 Ba6 13. Be2 O-O 14.
Bf3 Ra7 15. O-O Rd8 16. Nde4 N8d7 17. Qe2 c5 18. Rfd1 cxd4 19. Rxd4 Nxe5 20. Rad1 Rxd4 21. Rxd4 Nxf3+ 22. Qxf3 Rd7 23. Rxd7 Qxd7 24. h4 h6 25. Nc5 Qc8 26. Nxa6 Qxa6 27. Qc6 Qa7 28. Nb5 Qb8 29. Nd6 Nxa4 30. Nxf7 Kxf7 31. Qxa4 Qxb2 32. Qxc4 Qa1+ 33. Kh2 Qe5+ 34. g3 Ke7 35. f4 Qd5 36. Qc7+ Kf6 37. Qc3+ e5 38. fxe5+ Qxe5 39. Qc6+ Ke7 40. Qb7+ Kd8 41.
Qa8+ Kc7 42. Qa7+ Kd8 43. Qa8+ Kd7 44. Qa7+ Qc7 45. Qd4+ Kc6 46. Qe4+ Kb6 47. Qd4+ Kb5 48. Qb2+ Ka6 49. Qe2+ Ka7 50. Qe3+ Qb6 51. Qe7+ Qb7 52.
Qc5+ Ka6 53. Qd6+ Qb6 54. Qd3+ Ka7 55. Qd7+ Qb7 56. Qd4+ Ka6 57. Qd3+ Kb6 58. Qd4+ Kc6 59. Qe4+ Kd7 60. Qxb7+ Kd6 61. Qa6+ 1-0

[Event "Early-Titled-Tuesday-Blitz-October-24-2023"]
[Site "Chess.com"]
[Date "2023.10.24"]
[Round "10"]
[White "blitzking1729"]
[Black "Beca95"]
[Result "0-1"]
[WhiteElo "2803"]
[BlackElo "2928"]
[TimeControl "180+1"]
[EndTime "9:53:20 PDT"]
[Termination "Beca95 won by checkmate"]

1. d4 Nf6 2. Bg5 e6 3. Nd2 h6 4. Bh4 c5 5. e4 g5 6. Bg3 cxd4 7. e5 Nd5 8. h4 Rg8 9. hxg5 hxg5 10.
Ngf3 Nc6 11. a3 g4 12. Nh2 Qg5 13. Ne4 Qg7 14. Bc4 Nxe5 15. Bxd5 exd5 16. Qxd4 dxe4 17. Bxe5 Qg6 18. O-O-O f5 19. Nf1 Qb6 20. Qxb6 axb6 21. Ne3 Ra5 22. Bc3 Rc5 23. Bd4 d6 24. Bxc5 bxc5 25. Rh5 f4 26. Nd5 Bg7 27. Nxf4 Be5 28. g3 Bd7 29. Re1 Bc6 30. Ng2 Rf8 31. Re2 Bd4 32. Nf4 Rf7 33. c3 Be5 34. Rxe5+ dxe5 35. Ng2 Ke7 36. Ne3 Bb5 37. Rd2 Bd3 38. Nxg4 Ke6 39. Ne3 c4 40. Ng2 b5 41. Kd1 Kf5 42. Ke1 Kg4 43.
Nh4 e3 44. fxe3 Rf1# 0-1

[Event "Early-Titled-Tuesday-Blitz-October-24-2023"]
[Site "Chess.com"]
[Date "2023.10.24"]
[Round "10"]
[White "dapsay"]
[Black "howitzer14"]
[Result "0-1"]
[WhiteElo "2414"]
[BlackElo "2928"]
[TimeControl "180+1"]
[EndTime "9:53:20 PDT"]
[Termination "howitzer14 won on time"]

1. d4 Nf6 2. Bf4 c5 3. e3 Nd5 4. Bg3 cxd4 5. Qxd4 e6 6. Bc4 Nc6 7. Qd1 Nb6 8. Bb3 d5 9. Nf3 Bd6 10. O-O O-O 11. Nc3 Bxg3 12. hxg3 f5 13. Nb5 Qf6 14.
c3 Bd7 15. Re1 Rfd8 16. Nbd4 e5 17. Nb5 Be6 18. Nc7 Rac8 19. Nxe6 Qxe6 20. Ng5 Qf6 21. Nf3 Kh8 22. Nh4 Rc7 23. Qh5 g6 24. Qh6 Qg7 25. Qg5 Rd6 26. Nf3 h6 27. Qh4 g5 28. Qh5 Qf7 29. Qh2 Kg7 30. Rad1 Qg6 31. g4 f4 32. exf4 exf4 33. Re2 Re6 34. Bc2 Qe8 35. Red2 Kf8 36. Bf5 Rf6 37. Nxg5 Nc4 38. Nh7+ Rxh7 39. Bxh7 Nxd2 40.
g5 hxg5 41. Qh3 Kg7 42. Bd3 Rh6 43. Qg4 Ne4 44. Bxe4 Qxe4 45. Qxg5+ Rg6 0-1

[Event "Early-Titled-Tuesday-Blitz-October-24-2023"]
[Site "Chess.com"]
[Date "2023.10.24"]
[Round "10"]
[White "dennisodessa"]
[Black "Shivananda1964"]
[Result "1-0"]
[WhiteElo "2550"]
[BlackElo "2392"]
[TimeControl "180+1"]
[EndTime "9:53:20 PDT"]
[Termination "dennisodessa won on time"]

1. d4 Nf6 2. c4 Nc6 3. Nf3 e6 4.
Nc3 Bb4 5. Bd2 d6 6. Qc2 e5 7. a3 Bxc3 8. Bxc3 Qe7 9. e3 a5 10. b3 Bg4 11. d5 Bxf3 12. gxf3 Nd4 13. Qd1 a4 14. bxa4 b6 15. Kd2 Nf5 16. Bd3 Nh4 17. Rg1 O-O 18. Rg3 Qd7 19. Qg1 Nh5 20. Bc2 Nxg3 21.
Qxg3 Ng6 22. h4 f5 23. h5 Ne7 24. Rg1 Rf7 25. f4 Rxa4 26. Bxa4 Qxa4 27. fxe5 Qxc4 28.
exd6 Qxd5+ 29. Kc1 Qxd6 30. Qxd6 cxd6 31. h6 g6 32. Rd1 Nc8 33. Bb4 Rc7+ 34. Kb2 Rc6 35. Rc1 Rxc1 36. Kxc1 Kf7 37. f4 Ke6 38. Kd2 Kd5 39.
Kd3 Ne7 40. Bc3 Nc6 41. a4 Na5 42. Bd4 Nc4 43. Kc3 1-0

[Event "Early-Titled-Tuesday-Blitz-October-24-2023"]
[Site "Chess.com"]
[Date "2023.10.24"]
[Round "10"]
[White "Bilan_Danila"]
[Black "deribas12345"]
[Result "1-0"]
[WhiteElo "2442"]
[BlackElo "2568"]
[TimeControl "180+1"]
[EndTime "9:53:21 PDT"]
[Termination "Bilan_Danila won on time"]

1. d4 Nf6 2. Nf3 d6 3. Bg5 g6 4.
Nbd2 Bg7 5. e4 O-O 6. c3 e5 7. dxe5 dxe5 8. Bc4 h6 9. Bh4 Nbd7 10. O-O g5 11.
Bg3 Nh5 12. Re1 Nf4 13. Nf1 Nb6 14. Bb3 Bg4 15. Ne3 Bxf3 16. Qxf3 Qf6 17. Nf5 Rfd8 18. Rad1 Rxd1 19. Rxd1 Rd8 20. h4 Bf8 21. hxg5 hxg5 22.
Qg4 Ng6 23. Qh5 Rxd1+ 24. Qxd1 c5 25. Ne3 Nf4 26. Qg4 Nd3 27. Bh4 Bg7 28. Bxg5 Qxf2+ 29. Kh2 c4 30. Nf5 Ne1 31. Bd1 Nd7 32. Nxg7 Qxg2+ 33. Qxg2 Nxg2 34. Kxg2 Kxg7 35. Be3 b6 36. Bg4 Nf6 37.
Bf5 Kf8 38. Kf3 Ne8 39. Bg5 f6 40. Be3 Ke7 41. Ke2 Nd6 42. Kf3 Nb5 43. Bh7 Nd6 44. Bg8 b5 45. Bd5 f5 46. Bxa7 1-0

[Event "Early-Titled-Tuesday-Blitz-October-24-2023"]
[Site "Chess.com"]
[Date "2023.10.24"]
[Round "10"]
[White "the_chess_child"]
[Black "AvitalBor"]
[Result "1-0"]
[WhiteElo "2948"]
[BlackElo "2856"]
[TimeControl "180+1"]
[EndTime "9:53:22 PDT"]
[Termination "the_chess_child won on time"]

1. e4 e6 2. d3 d5 3. Nd2 Nf6 4. Ngf3 c5 5. g3 Nc6 6. Bg2 Be7 7. O-O Qc7 8. Re1 b5 9. e5 Nd7 10. Qe2 g5 11. h3 Bb7 12. Nf1 Rg8 13. g4 Nd4 14. Nxd4 cxd4 15. Nh2 Rc8 16. Nf3 Qb6 17. Qd1 b4 18. Bd2 a5 19. a3 bxa3 20. bxa3 Bc6 21. Qb1 Qa7 22. Qb2 Rb8 23. Qa2 Ba4 24. Rab1 Rc8 25. Rb2 Kf8 26. Reb1 Rc7 27. Qa1 h6 28. Nxd4 Kg7 29. Be3 Bc5 30. c3 Nxe5 31. Nxe6+ fxe6 32. d4 Nc4 33. dxc5 Nxe3 34. fxe3 Qxc5 35. c4 Qxe3+ 36. Kh1 d4 37. Re1 Qc3 38. Rxe6 Rb8 39. Qb1 Qxb2 40. Qg6+ Kh8 41. Qxh6+ Rh7 42. Qf6+ Rg7 43. Qh6+ Kg8 44. Bd5 1-0

[Event "Early-Titled-Tuesday-Blitz-October-24-2023"]
[Site "Chess.com"]
[Date "2023.10.24"]
[Round "10"]
[White "Vesper2018"]
[Black "Thunderbolt135"]
[Result "1/2-1/2"]
[WhiteElo "2605"]
[BlackElo "2731"]
[TimeControl "180+1"]
[EndTime "9:53:23 PDT"]
[Termination "Game drawn by repetition"]

1. e4 c5 2. Nc3 b6 3. d4 cxd4 4. Qxd4 Bb7 5. Qd2 e6 6. b3 Nf6 7. Bd3 Bb4 8. a3 Bxc3 9. Qxc3 O-O 10. Bb2 Na6 11. Ne2 Nc5 12. f3 Rc8 13. Qd4 d5 14. e5 Nfd7 15. O-O Nxd3 16. cxd3 Nc5 17. Nc1 Ba6 18. a4 Qd7 19. f4 Rc7 20. Ba3 Rfc8 21.
Ra2 Nb7 22. Raf2 Nd8 23. Qe3 d4 24. Qg3 Bb7 25. Ne2 Rc2 26. Bd6 Nc6 27. f5 exf5 28.
Nf4 Rxf2 29. Rxf2 Ne7 30. Bxe7 Qxe7 31. Nh5 Rc1+ 32. Rf1 Rxf1+ 33. Kxf1 g6 34. Nf6+ Kg7 35. Qf4 Qc5 36. Ne8+ Kf8 37. Nd6 Ba6 38. Qg5 Bxd3+ 39. Kf2 Qxe5 40. Qd8+ Kg7 41. Ne8+ Kf8 42. Nf6+ Kg7 43.
Ne8+ Kf8 44. Nf6+ Kg7 45. Ne8+ 1/2-1/2

[Event "Early-Titled-Tuesday-Blitz-October-24-2023"]
[Site "Chess.com"]
[Date "2023.10.24"]
[Round "10"]
[White "Mr_Lion22"]
[Black "dawid498"]
[Result "0-1"]
[WhiteElo "2480"]
[BlackElo "2667"]
[TimeControl "180+1"]
[EndTime "9:53:26 PDT"]
[Termination "dawid498 won by checkmate"]

1. d4 d5 2. c4 e6 3. Nc3 Nf6 4.
cxd5 exd5 5. Bg5 Be7 6. e3 c6 7. Bd3 Nbd7 8. Nf3 Nh5 9. Bxe7 Qxe7 10. Qc2 g6 11. O-O-O Nb6 12. Kb1 Be6 13. Ne5 O-O-O 14. Nb5 Kb8 15. Nc3 Ng7 16. Rc1 Bf5 17. Ka1 Bxd3 18.
Nxd3 Nf5 19. Na4 Nd6 20. Nac5 Nbc4 21. b3 Nb6 22. a4 Nd7 23. Rb1 Nxc5 24. Nxc5 f5 25.
b4 Nc4 26. Qc3 b6 27. Nd3 Kb7 28. Rhc1 Rc8 29. Ka2 Rc7 30. Rb3 Rhc8 31. a5 Qe4 32. g3 g5 33. b5 Nxa5 34. bxc6+ Rxc6 35. Nc5+ Rxc5 36. dxc5 Nxb3 37. c6+ Ka8 38. Kxb3 Qe6 39. Kb4 Qd6+ 40. Kb5 h5 41. Ka6 Qc7 42. Qf6 b5 43.
Kxb5 Qb6+ 44. Ka4 Rb8 45. Qd4 Qa6# 0-1

[Event "Early-Titled-Tuesday-Blitz-October-24-2023"]
[Site "Chess.com"]
[Date "2023.10.24"]
[Round "10"]
[White "Eloist"]
[Black "laiciffOneslraCsungaM"]
[Result "1/2-1/2"]
[WhiteElo "2442"]
[BlackElo "2337"]
[TimeControl "180+1"]
[EndTime "9:53:26 PDT"]
[Termination "Game drawn - insufficient material"]

1. e4 e6 2. d4 d5 3. Nc3 Nf6 4. e5 Nfd7 5. f4 c5 6. Nf3 Nc6 7. Be3 cxd4 8. Nxd4 Qb6 9. a3 Bc5 10. Na4 Qa5+ 11. c3 Bxd4 12. Bxd4 Nxd4 13. Qxd4 O-O 14. Bd3 b6 15. Qb4 Qxb4 16. axb4 g5 17. g3 f6 18. exf6 gxf4 19. O-O fxg3 20. hxg3 Rxf6 21. Rxf6 Nxf6 22. Nxb6 Rb8 23. Nxc8 Rxc8 24. Rxa7 e5 25. Bf5 Re8 26. Kf2 e4 27. Ke3 Re5 28. Kf4 Re8 29.
Ke3 Re5 30. g4 h5 31. Kd4 Re8 32. Bg6 Rf8 33. gxh5 Ng4 34. b5 e3 35. Re7 Rf2 36.
b6 Rxb2 37. b7 e2 38. Bd3 Rxb7 39. Rxe2 Rg7 40. Rg2 Nf6 41. Rxg7+ Kxg7 42. Bg6 Kf8 43. Ke5 Ke7 44. h6 d4 45. cxd4 Ng4+ 46. Kd5 Nxh6 47. Kc6 Ng4 48. d5 Ne5+ 49. Kc7 Nxg6 50. d6+ Kf7 51.
d7 Nf8 52. d8=Q Ne6+ 53. Kd7 Nxd8 1/2-1/2

[Event "Early-Titled-Tuesday-Blitz-October-24-2023"]
[Site "Chess.com"]
[Date "2023.10.24"]
[Round "10"]
[White "jaskol95"]
[Black "GMSrinath"]
[Result "0-1"]
[WhiteElo "2556"]
[BlackElo "2809"]
[TimeControl "180+1"]
[EndTime "9:53:27 PDT"]
[Termination "GMSrinath won by checkmate"]

1. e4 c5 2. Nf3 d6 3. Bb5+ Bd7 4. a4 Nf6 5. Nc3 g6 6. O-O Bg7 7. Re1 O-O 8. h3 Nc6 9. Bxc6 Bxc6 10.
d3 b6 11. Bg5 a6 12. e5 dxe5 13. Nxe5 Bb7 14. Qd2 Qd6 15. Nc4 Qc6 16. f3 e6 17.
Kh1 Rad8 18. Ne4 Nxe4 19. fxe4 Rd7 20. Bh6 f6 21. Bxg7 Kxg7 22. Qf2 e5 23. Rf1 Qe6 24. Ne3 h5 25. Rad1 Kh7 26. c4 Rdf7 27. Nd5 f5 28.
Qh4 f4 29. Qg5 f3 30. Kh2 Bc8 31. Qg3 fxg2 32. Kxg2 Bb7 33. Rxf7+ Qxf7 34. h4 Bc8 35. Rg1 Bg4 36. Kh2 Be2 37. Rg2 Bg4 38. Qxe5 Qf1 39. Qg3 Rf7 40. e5 Rf3 41. Nf6+ Kh8 42. Rg1 Qe2+ 43.
Rg2 Qe3 44. Nxg4 hxg4 45. Qxg4 Qxe5+ 46. Kg1 Re3 47. Qxg6 Re1+ 48. Kf2 Qe3# 0-1

[Event "Early-Titled-Tuesday-Blitz-October-24-2023"]
[Site "Chess.com"]
[Date "2023.10.24"]
[Round "10"]
[White "crazy_m_attack"]
[Black "twitchTriniCupid"]
[Result "0-1"]
[WhiteElo "2441"]
[BlackElo "2349"]
[TimeControl "180+1"]
[EndTime "9:53:27 PDT"]
[Termination "twitchTriniCupid won on time"]

1. e4 d5 2. exd5 Qxd5 3. Nf3 Nf6 4. Nc3 Qd6 5. d4 c6 6. Ne5 Bf5 7. Bf4 Qd8 8. Bc4 e6 9. O-O Be7 10. Re1 O-O 11. h3 Nbd7 12. Ne2 Nb6 13. Bb3 a5 14. a3 Nbd5 15. Bh2 a4 16. Ba2 c5 17. Ng3 Bg6 18.
Nxg6 hxg6 19. dxc5 Bxc5 20. Ne4 Nxe4 21. Rxe4 Qb6 22. Rb1 Bxf2+ 23. Kh1 Rfd8 24. Qe2 Bc5 25. c3 Nf6 26. Rf4 Bd6 27. Bg1 Qa5 28. Rd4 Bc5 29.
Rxd8+ Rxd8 30. Rd1 Bxg1 31. Rxd8+ Qxd8 32. Kxg1 Qb6+ 33. Kh2 Qd6+ 34. Kg1 Qf4 35. Bc4 Ne4 36. Bd3 Qc1+ 37. Kh2 Qf4+ 38. Kg1 Nc5 39. Bb5 g5 40.
Qd1 Qe3+ 41. Kh2 Kh7 42. Qh5+ Kg8 43. Qd1 g6 44. Be8 Kg7 45. Qd8 Qf4+ 46. Kg1 b6 47.
Qe7 Ne4 48. Qb7 g4 49. hxg4 Qxg4 50. Qxb6 Qf4 51. Qd4+ e5 52. Bd7 exd4 0-1

[Event "Early-Titled-Tuesday-Blitz-October-24-2023"]
[Site "Chess.com"]
[Date "2023.10.24"]
[Round "10"]
[White "Nyzhnyk_Illia"]
[Black "OparinGrigoriy"]
[Result "0-1"]
[WhiteElo "2865"]
[BlackElo "2989"]
[TimeControl "180+1"]
[EndTime "9:53:29 PDT"]
[Termination "OparinGrigoriy won by resignation"]

1. d4 Nf6 2. Nf3 e6 3. g3 b5 4.
Bg2 Bb7 5. O-O c5 6. c3 cxd4 7.
cxd4 Be7 8. a4 b4 9. Nbd2 O-O 10. Nc4 a5 11. Bf4 Nc6 12. Rc1 d6 13. Nfd2 Rc8 14. Nb3 d5 15. Ncd2 Nd7 16. e4 Nb6 17. Nc5 Ba8 18. Ndb3 dxe4 19. Bxe4 Nxd4 20. Bxa8 Nxb3 21. Qxb3 Rxa8 22. Rfd1 Nd5 23. Ne4 Qb6 24. Be3 Qb7 25.
Nc5 Bxc5 26. Rxc5 Rfc8 27. Rdc1 h6 28. Qc4 Rxc5 29. Qxc5 Nxe3 30. fxe3 Qe4 31. Qd4 Qf3 32. Rf1 Qb7 33. Qc5 Qe4 34. Rd1 b3 35. Qd4 Qc6 36. Rd3 Rc8 37. Rc3 Qb7 38. Kf2 Rf8 39. e4 f5 40. Re3 fxe4+ 41. Kg2 Rc8 42. Rxe4 Rc2+ 43. Kh3 Rxb2 44. Rxe6 Qc8 45. Qe5 Rd2 46. Kh4 Qd8+ 47. Kh3 Qd7 48. g4 Rd3+ 49. Kg2 Qd5+ 50. Qxd5 Rxd5 51.
Rb6 Rd4 52. Rxb3 Rxg4+ 53. Kf3 Rxa4 54. Rb7 Kh7 55. Rb6 h5 56. Kg3 g6 57. h4 Rg4+ 58.
Kh3 a4 59. Rb7+ Kg8 60. Ra7 Kf8 0-1

[Event "Early-Titled-Tuesday-Blitz-October-24-2023"]
[Site "Chess.com"]
[Date "2023.10.24"]
[Round "10"]
[White "rdarruda"]
[Black "GianmarcoVaR"]
[Result "0-1"]
[WhiteElo "2531"]
[BlackElo "2728"]
[TimeControl "180+1"]
[EndTime "9:53:29 PDT"]
[Termination "GianmarcoVaR won by resignation"]

1. Nf3 Nf6 2. d4 b6 3. g3 Bb7 4.
Bg2 g6 5. O-O Bg7 6. c4 O-O 7.
Nc3 Ne4 8. Nxe4 Bxe4 9. e3 d6 10. Bd2 c5 11. Bc3 Nd7 12. Qd2 Qc7 13. Ng5 Bxg2 14. Kxg2 cxd4 15. Bxd4 Qxc4 16. Bxg7 Kxg7 17. b3 Qb5 18. Nf3 Rac8 19. Rac1 Ne5 20. Nxe5 Qxe5 21. Rxc8 Rxc8 22. Rc1 Rxc1 23. Qxc1 Qd5+ 24. Kg1 Qc5 25. Qd2 d5 26. h4 e5 27. Qd3 b5 28. Qd2 d4 29. Qd3 Qd5 30. e4 Qc5 31. Kg2 a6 32. Qd2 h6 33. h5 gxh5 34. Qe2 Kg6 35. Qf3 Qd6 36. Qf5+ Kg7 37. Qxh5 d3 38. Qg4+ Kf8 39.
Qd1 Qd4 40. Kf3 d2 41. Ke2 Qxe4+ 42. Kxd2 Qd4+ 43. Ke2 Qxd1+ 44. Kxd1 f5 45. Ke2 Kf7 46. Kf3 h5 47. Ke3 Ke6 48. Kf3 b4 49. Ke3 Kf6 50. Kf3 Kg5 51. Kg2 Kg4 52. f3+ Kg5 53. Kh3 f4 54. Kg2 fxg3 55. Kxg3 h4+ 56. Kh3 Kf4 57. Kg2 h3+ 58. Kf2 h2 59. Kg2 h1=Q+ 60. Kxh1 Kxf3 61. Kg1 Ke2 0-1

[Event "Early-Titled-Tuesday-Blitz-October-24-2023"]
[Site "Chess.com"]
[Date "2023.10.24"]
[Round "10"]
[White "FlemingA"]
[Black "Maect19"]
[Result "0-1"]
[WhiteElo "2430"]
[BlackElo "2306"]
[TimeControl "180+1"]
[EndTime "9:53:30 PDT"]
[Termination "Maect19 won by resignation"]

1. g3 d5 2. Bg2 c6 3. Nf3 Nf6 4. b3 Bf5 5. Bb2 e6 6. d3 Nbd7 7. Nbd2 Bc5 8. e3 O-O 9. O-O Qe7 10. h3 h6 11. Qe2 e5 12. e4 dxe4 13. dxe4 Bh7 14. Rfe1 Rfe8 15. a3 Rad8 16. Nh4 Nf8 17. Rad1 Qc7 18. Nc4 N8d7 19. b4 Bf8 20. Nf5 Bxf5 21.
exf5 e4 22. Qd2 b5 23. Nd6 Bxd6 24. Qxd6 Qb6 25. Bd4 Qb8 26. Qxb8 Nxb8 27. Bxa7 Rxd1 28. Rxd1 Nbd7 29. g4 Ra8 30. Be3 Rxa3 31. h4 Ne5 32. g5 hxg5 33. hxg5 Nd5 34. Bxe4 Nxe3 35. Rd8+ Kh7 36.
g6+ fxg6 37. fxg6+ Kh6 38. fxe3 Rxe3 39. Rd4 Nxg6 40. Bxg6 Kxg6 41. Rd6+ Kf5 42. Rxc6 Re4 43. Rc5+ Kf4 44. Rxb5 Rc4 45. Rb7 g5 46. b5 Rxc2 47. b6 Rb2 48. Kf1 Kg3 49. Ke1 g4 50. Kd1 Kg2 51.
Kc1 Rb5 52. Rg7 g3 53. b7 Rb6 54. Kd2 Kf2 55. Rf7+ Kg1 56. Ke2 g2 57. Kf3 Rb2 58. Rg7 Rb3+ 59. Ke2 Rb2+ 60. Kf3 Kf1 61. Rc7 Rb3+ 62. Ke4 g1=Q 63. Rc1+ Kf2 64. Rxg1 Kxg1 65. b8=Q Rxb8 0-1

[Event "Early-Titled-Tuesday-Blitz-October-24-2023"]
[Site "Chess.com"]
[Date "2023.10.24"]
[Round "10"]
[White "NikolaGry"]
[Black "meoluoi91"]
[Result "0-1"]
[WhiteElo "2727"]
[BlackElo "2609"]
[TimeControl "180+1"]
[EndTime "9:53:35 PDT"]
[Termination "meoluoi91 won on time"]

1. d4 d5 2. Bg5 h6 3. Bh4 Bf5 4. e3 c6 5. Bd3 Bxd3 6. Qxd3 Qb6 7.
Qb3 Nd7 8. Ne2 e5 9. Nd2 exd4 10. exd4 Bd6 11. O-O-O Qxb3 12. axb3 Ngf6 13. Bg3 Bxg3 14. Nxg3 g6 15. Rhe1+ Kf8 16. c3 h5 17. h4 Ne8 18.
Nf3 Nd6 19. Ng5 Re8 20. Rxe8+ Nxe8 21. Re1 Ng7 22. c4 f6 23. Nh3 dxc4 24. bxc4 Nb6 25. b3 Kf7 26. Kc2 Rd8 27. Kc3 Nc8 28. Nf4 Nd6 29. Ne4 Ndf5 30. d5 Nxh4 31. Nc5 b6 32. Nb7 Re8 33. dxc6 Rxe1 34. c7 g5 35. c8=Q gxf4 36.
Qc7+ Kg6 37. Qxf4 Ngf5 38. g3 Ng2 39. Qf3 Rg1 40. Nd8 Ne7 41. Qe4+ Nf5 42. Ne6 Re1 43.
Qxg2 Rxe6 44. Qd5 Re5 45. Qb7 Re2 46. Qxa7 Rxf2 47. Qb8 Rf3+ 48. Kb4 Re3 0-1

[Event "Early-Titled-Tuesday-Blitz-October-24-2023"]
[Site "Chess.com"]
[Date "2023.10.24"]
[Round "10"]
[White "aranibos"]
[Black "Kostukov_Alex"]
[Result "0-1"]
[WhiteElo "2277"]
[BlackElo "2401"]
[TimeControl "180+1"]
[EndTime "9:53:39 PDT"]
[Termination "Kostukov_Alex won on time"]

1. d4 g6 2. Nf3 Bg7 3. c3 d6 4. Bg5 h6 5. Bh4 g5 6. Bg3 f5 7. e3 Nf6 8. h4 g4 9. Nfd2 Nc6 10. Bb5 e6 11. Qe2 O-O 12. Na3 e5 13. dxe5 dxe5 14.
O-O-O Qe7 15. h5 Bd7 16. Bh4 a6 17. Bc4+ Be6 18. Bxe6+ Qxe6 19. Bxf6 Bxf6 20. e4 f4 21. Qc4 Kf7 22. Qxe6+ Kxe6 23. f3 Rg8 24. Rh2 Rad8 25. Nc2 Rd3 26. Rf1 Rg5 27. Ne1 Re3 28. Nc2 Re2 29.
fxg4 Rxg4 30. Rg1 Bg5 31. Kd1 Rf2 32. Ke1 Rxd2 33. Kxd2 f3+ 34. Ke1 Rxe4+ 35. Kf2 Re2+ 36. Kxf3 Rxc2 37. Re1 Rxb2 38. Rhh1 Rc2 39. Rhf1 Rxc3+ 40.
Kg4 Rc4+ 41. Kh3 Rh4+ 42. Kg3 Rxh5 43. Rf8 Be7 44. Rc8 Kd7 45. Rg8 Bd6 46. Kg4 Rh2 47. g3 Rxa2 48. Rg7+ Ke6 49. Rg6+ Kd5 50. Rd1+ Nd4 51.
Rxh6 Rg2 52. Kh3 Rf2 53. g4 e4 54. Rh5+ Be5 55. g5 c5 56. g6 Rh2+ 57. Kg4 Rg2+ 58. Kh3 Rg3+ 59. Kh4 Rxg6 60. Rf1 Ke6 0-1